Map: Deathaura LE

Players

SKillous - Winner!

  • Race: Protoss Protoss
  • League: Grandmaster
  • Spawn Location: 5:00

HellraiseR

  • Race: Protoss Protoss
  • League: Master
  • Spawn Location: 11:00

Event: DreamHack SC2 Masters 2020 Summer Europe

VOD

Have the link to the VOD?

Description

Time

  • Played on: June 30, 2020, 12:12 p.m.
  • Length: 10:07

All games in this series

Show
View Real Time Build Order
Export as new Build Order

SKillous Protoss - Winner!

Build Orders: Blink Stalkers 

Get SALT Encoding   

  12  0:00  Probe  
  13  0:12  Probe  
  14  0:17  Pylon  
  14  0:24  Probe  
  15  0:32  Probe  
  15  0:37  Gateway  
  15  0:40  Probe  
  16  0:46  Assimilator  
  17  0:51  Probe  
  17  0:54  Assimilator  
  18  0:59  Probe  
  19  1:07  Probe  
  19  1:09  Gateway  
  19  1:17  Probe  
  20  1:25  Cybernetics Core  
  21  1:29  Probe  
  22  1:36  Pylon  
  22  1:41  Probe  
  24  1:54  Probe  
  24  2:01  Sentry, Stalker  
  28  2:04  Warp Gate  
  28  2:11  Pylon  
  30  2:30  Sentry  
  30  2:33  Nexus  
  30  2:35  Probe  
  31  2:43  Stalker, Probe  
  33  2:54  Probe  
  34  3:02  Shield Battery  
  34  3:06  Probe  
  34  3:11  Twilight Council  
  35  3:18  Probe  
  36  3:26  Probe  
  37  3:35  Probe  
  38  3:44  Probe  
  38  3:45  Probe  
  38  3:46  Forge  
  38  3:47  Blink  
  38  3:48  Protoss Ground Weapons Level 1  
  40  3:55  Stalker  
  42  3:56  Probe  
  42  3:57  Probe  
  42  3:59  Stalker  
  46  4:08  Probe  
  46  4:09  Probe  
  48  4:16  Pylon  
  48  4:20  Probe  
  48  4:21  Probe  
  50  4:29  Assimilator  
  50  4:32  Probe  
  50  4:33  Probe  
  52  4:38  Gateway  
  52  4:44  Probe  
  53  4:45  Probe  
  54  4:56  Probe  
  54  4:58  Probe  
  56  5:05  Nexus, Pylon  
  56  5:08  Probe  
  56  5:09  Stalker x2  
  56  5:10  Probe  
  62  5:23  Probe x2  
  62  5:24  Pylon  
  64  5:31  Robotics Facility  
  64  5:36  Stalker x2, Probe  
  64  5:37  Protoss Ground Weapons Level 2  
  64  5:38  Charge  
  64  5:41  Probe  
  70  5:44  Pylon x2  
  70  5:50  Gateway x2  
  70  5:53  Shield Battery  
  70  5:57  Probe  
  70  5:58  Assimilator  
  70  6:00  Probe  
  70  6:01  Assimilator  
  72  6:06  Gateway  
  72  6:07  Gateway  
  72  6:09  Probe  
  73  6:13  Observer  
  73  6:18  Probe x2  
  74  6:21  Probe  
  77  6:26  Pylon  
  77  6:30  Probe  
  78  6:37  Stalker x3  
  78  6:38  Probe x2  
  86  6:41  Assimilator  
  86  6:42  Probe  
  91  6:50  Templar Archives  
  91  6:52  Pylon  
  91  6:58  Gateway  
  91  7:03  Warp Prism, Zealot x3  
  97  7:13  Stalker x4  
  103  7:18  Pylon  
  103  7:19  Pylon  
  103  7:23  Zealot x3  
  109  7:30  Pylon  
  109  7:35  Photon Cannon  
  105  7:37  Gateway, Probe  
  105  7:40  Observer  
  105  7:46  Probe  
  106  7:53  Photon Cannon  
  106  8:06  High Templar x2  
  106  8:07  High Templar x2, Zealot x4  
  122  8:13  Archon x2  
  122  8:17  Pylon  
  122  8:18  Pylon  
  122  8:24  Gateway  
  122  8:26  Gateway  
  122  8:33  Zealot x4  
  128  8:36  Observer  
  128  8:39  Zealot x4  
  128  8:40  Probe  
  137  8:44  Probe  
  114  8:56  Zealot x4  
  114  9:01  Zealot x4  
  128  9:05  Pylon  
  126  9:15  Observer  
  109  9:17  Zealot x6  
  109  9:21  Zealot x2  
  118  9:32  Zealot x2  
  118  9:36  Zealot x2  
  118  9:37  Observer  
  126  9:41  Zealot x5  
  117  9:59  Zealot x5  
  111  10:02  Zealot x4  
Show
View Real Time Build Order
Export as new Build Order

HellraiseR Protoss 

Build Orders: Phoenix Opening, Archon Immortal 

Get SALT Encoding   

  12  0:00  Probe  
  13  0:12  Probe  
  14  0:17  Pylon  
  14  0:24  Probe  
  15  0:32  Probe  
  15  0:37  Gateway  
  15  0:40  Probe  
  16  0:46  Assimilator  
  17  0:51  Probe  
  17  0:54  Assimilator  
  18  0:59  Probe  
  19  1:07  Probe  
  19  1:09  Gateway  
  19  1:17  Probe  
  20  1:24  Cybernetics Core  
  21  1:29  Probe  
  22  1:34  Pylon  
  22  1:41  Probe  
  23  1:53  Probe  
  24  2:01  Sentry, Stalker, Warp Gate  
  28  2:09  Pylon  
  28  2:27  Stalker  
  30  2:32  Sentry  
  30  2:36  Phoenix  
  32  2:42  Nexus  
  32  2:45  Probe  
  33  2:57  Probe  
  34  3:05  Adept x2  
  35  3:09  Probe  
  35  3:10  Pylon  
  38  3:21  Probe  
  38  3:26  Robotics Facility  
  39  3:37  Probe  
  40  3:42  Forge  
  40  3:45  Probe  
  40  3:49  Probe  
  40  3:54  Probe  
  42  3:57  Probe  
  44  4:04  Probe  
  44  4:08  Probe  
  46  4:12  Probe  
  46  4:13  Protoss Ground Weapons Level 1  
  46  4:15  Stalker, Observer  
  50  4:20  Stalker, Probe  
  50  4:21  Probe  
  53  4:26  Twilight Council  
  53  4:28  Probe  
  54  4:35  Probe, Pylon  
  54  4:36  Probe  
  56  4:40  Immortal  
  57  4:46  Probe  
  57  4:47  Probe  
  61  4:57  Stalker  
  61  4:59  Stalker  
  63  5:00  Blink, Probe  
  63  5:01  Probe  
  63  5:06  Assimilator  
  65  5:12  Probe  
  66  5:15  Probe  
  66  5:16  Assimilator  
  67  5:22  Observer  
  67  5:23  Warp Prism  
  67  5:24  Probe  
  70  5:30  Pylon  
  70  5:41  Nexus  
  70  5:49  Probe x2  
  72  5:50  Immortal, Pylon  
  72  5:57  Dark Shrine  
  76  6:06  Stalker  
  76  6:09  Stalker  
  76  6:11  Probe x2  
  82  6:19  Shield Battery  
  82  6:23  Protoss Ground Weapons Level 2  
  82  6:29  Gateway  
  82  6:32  Gateway  
  82  6:37  Gateway  
  82  6:39  Gateway  
  82  6:41  Probe x2  
  82  6:43  Charge  
  84  6:53  Probe  
  84  6:54  Probe x2  
  87  7:04  Shield Battery  
  87  7:05  Probe  
  87  7:06  Probe x2  
  90  7:09  Dark Templar x2  
  94  7:18  Probe  
  94  7:22  Gateway  
  95  7:23  Gateway  
  95  7:25  Probe  
  95  7:27  Probe  
  97  7:30  Probe  
  97  7:33  Stalker  
  97  7:36  Pylon  
  97  7:37  Pylon x2  
  98  7:50  Pylon  
  100  7:54  Dark Templar x4  
  100  7:56  Photon Cannon  
  100  7:58  Photon Cannon  
  106  8:00  Dark Templar x2, Archon x2  
  106  8:03  Assimilator, Archon  
  110  8:06  Assimilator  
  110  8:14  Shield Battery, Pylon  
  110  8:20  Pylon  
  110  8:23  Photon Cannon, Zealot x2  
  110  8:26  Immortal  
  118  8:30  Zealot x2  
  118  8:32  Zealot x3  
  128  8:38  Zealot  
  130  8:45  Dark Templar  
  126  8:53  Zealot x2  
  104  8:58  Zealot x5  
  114  9:14  Dark Templar  
  114  9:15  Dark Templar, Probe  
  91  9:22  Stalker x6  
  104  9:27  Immortal  
  99  9:36  Archon  
  103  9:41  Shield Battery  
  103  9:42  Dark Templar  
  105  9:47  Zealot x6  
  105  9:48  Zealot  
Tags
 
Add a new tag
Caveats
  • Supply blocks, unpowered buildings, or Contaminate may cause inaccurate times.
  • Supply counts are checked every 10 seconds.